 Dungeon Crawl Stone Soup version 0.28.0 (webtiles) character file.

Game seed: 3603124130506534958

86 Anon1729 the Insei (level 4, 0/28 HPs)
             Began as an Octopode Transmuter on Feb 17, 2022.
             Slain by a gnoll (10 damage)
             ... on level 2 of the Dungeon.
             The game lasted 00:01:43 (2276 turns).

Anon1729 the Insei (Octopode Transmuter)            Turns: 2276, Time: 00:01:44

Health: 0/28       AC:  1    Str:  9    XL:     4   Next: 50%
Magic:  7/7        EV: 13    Int: 17    God:
Gold:   55         SH:  0    Dex: 12    Spells: 4/7 levels left

rFire   . . .      SeeInvis .     - Unarmed
rCold   . . .      Faith    .   (no shield)
rNeg    . . .      Spirit   .   (helmet restricted)
rPois   .          Reflect  .   (no amulet)
rElec   .          Harm     .   (no ring)
rCorr   .          Rampage  .   (no ring)
Will    .....                   (no ring)
Stlth   ++........              (no ring)
HPRegen 0.09/turn               (no ring)
MPRegen 0.10/turn               (no ring)
                                (no ring)
                                (no ring)

@: no status effects
A: almost no armour, amphibious, 8 rings, camouflage 1, gelatinous body 1,
(nimble swimmer 1), tentacles
a: no special abilities


You were on level 2 of the Dungeon.
You visited 1 branch of the dungeon, and saw 2 of its levels.

You collected 55 gold pieces.

Inventory:

Scrolls
 b - 3 scrolls of identify {unknown}
 d - 3 scrolls of teleportation {unknown}
Potions
 a - a potion of curing
 c - a potion of degeneration {unknown}
 e - a potion of brilliance {unknown}


   Skills:
 - Level 1.0 Fighting
 - Level 2.0 Dodging
 + Level 5.1 Unarmed Combat
 - Level 2.0 Spellcasting
 - Level 2.0 Transmutations


You had 4 spell levels left.
You knew the following spells:

 Your Spells              Type           Power      Damage    Failure   Level
a - Beastly Appendage     Tmut           16%        N/A       9%          1
b - Wereblood             Tmut           8%         N/A       13%         2

Your spell library contained the following spells:

 Spells                   Type           Power      Damage    Failure   Level
 Passwall                 Tmut/Erth      4%         N/A       19%         2
 Ensorcelled Hibernation  Hex/Ice        2%         N/A       28%         2
 Spider Form              Tmut/Pois      5%         N/A       36%         3
 Swiftness                Air            1%         N/A       50%         3
 Ice Form                 Ice/Tmut       5%         N/A       77%         4


Dungeon Overview and Level Annotations

Branches:
Dungeon (2/15)

Altars:


Innate Abilities, Weirdness & Mutations

You cannot wear most types of armour.
You are amphibious.
You can wear up to eight rings at the same time.
Your skin changes colour to match your surroundings (Stealth+).
Your rubbery body absorbs attacks. (AC +1, EV +1)
((You are camouflaged when in or above water. (Stealth+)))
You have tentacles for arms and can constrict up to eight enemies at once.


Message History

You hear a splash.
No target in view!
No target in view!
No target in view!
No target in view!
No target in view!
No target in view!
No target in view!
No target in view!
No target in view!
No target in view!
No target in view!
No target in view!
No target in view!
You start resting.
HP restored.
You climb downwards.
The gnoll hits you with a +0 halberd! The gnoll misses you.
There is a stone staircase leading up, spattered with blood here.
You tentacle-slap the gnoll. You grab the gnoll.
The gnoll is lightly wounded.
You constrict the gnoll, but do no damage.
You tentacle-slap the gnoll.
The gnoll is heavily wounded.
You constrict the gnoll, but do no damage.
The gnoll hits you with a +0 halberd!
You are too injured to fight recklessly!
You are too injured to fight recklessly!
You are too injured to fight recklessly!
You are too injured to fight recklessly!
You are too injured to fight recklessly!
You are too injured to fight recklessly!
You are too injured to fight recklessly!
You are too injured to fight recklessly!
You are too injured to fight recklessly!
You are too injured to fight recklessly!
You are too injured to fight recklessly!
You are too injured to fight recklessly!
You release your grip on the gnoll.
The gnoll hits you with a +0 halberd!
You die...

#.#.#.# #>#
#.#.#.### #.#
#.#.#...# ##.#
##.#.#.#.# ##..÷
#..#.#.#.# #.<..
##.##.....####....
###...#..........gg†
#..........######...
#.#@..##.### #.†..
#.##g###)# #†#.. #
#.# #.# #.#..
#.###.## #g#..
#.##...# #.>..
#.##.##...### #.#.#
#...........####.#..
####...............#
#........####>#.#


You could see a gnoll.

Vanquished Creatures
  3 adders (D:2)
  2 gnolls (D:1)
  A worm (D:2)
  5 endoplasms
  4 giant cockroaches
  4 goblins
  3 hobgoblins
  2 kobolds (D:1)
  2 quokkas (D:1)
  A ball python (D:1)
  5 bats
  3 frilled lizards (D:1)
  2 rats (D:1)
37 creatures vanquished.

Vanquished Creatures (others)
  3 plants (D:2)
3 creatures vanquished.

Grand Total: 40 creatures vanquished

Notes
Turn   | Place    | Note
-------+----------+-------------------------------------------
     0 | D:1      | Anon1729 the Octopode Transmuter began the quest for the
                  | Orb.
     0 | D:1      | Reached XP level 1. HP: 13/13 MP: 3/3
   360 | D:1      | Reached XP level 2. HP: 18/18 MP: 3/5
   638 | D:1      | Learned a level 2 spell: Wereblood
  1244 | D:2      | Reached skill level 4 in Unarmed Combat
  1257 | D:2      | Reached XP level 3. HP: 20/23 MP: 6/6
  1604 | D:2      | Reached XP level 4. HP: 11/28 MP: 5/7
  2144 | D:1      | Reached skill level 5 in Unarmed Combat
  2276 | D:2      | Slain by a gnoll

Illustrated notes

Levels and vault maps discovered:
D:1:      dpeg_arrival_simpleton_c, layout_loops_corners,
          minmay_misc_feat_ornament, chequers_serial_rivers_small_b,
          minmay_unequal
D:2:      wad_lake_hut, layout_loops_ring

Skill      XL: |  1  2  3  4 |
---------------+-------------+-----
Unarmed Combat | 4 5 |  5.1
Fighting       | |  1.0
Dodging        | |  2.0
Spellcasting   | |  2.0
Transmutations | |  2.0

Action                   |  1- 3 |  4- 6 || total
-------------------------+-------+-------++-------
Melee: Unarmed           |    73 |    15 ||    88
       Constrict         |    20 |     2 ||    22
       Tentacles         |    15 |     3 ||    18
       Kick              |    15 |     4 ||    19
       Punch             |     1 |     1 ||     2
 Cast: Beastly Appendage |    13 |     4 ||    17
  Use: Scroll            |     1 |       ||     1
       Potion            |     1 |       ||     1
 Stab: Sleeping          |     8 |     2 ||    10
Armor: Skin              |     6 |       ||     6
Dodge: Dodged            |    46 |    14 ||    60
